 Dungeon Crawl Stone Soup version 0.17-a0-1887-g3e50df6 (webtiles) character file.

432 wvc the Changer (level 6, -4/43 HPs)
             Began as a Demonspawn Transmuter on Sept 23, 2015.
             Was an Initiate of Cheibriados.
             Slain by a gnoll
             ... wielding a +0 halberd
              (10 damage)
             ... on level 4 of the Dungeon.
             The game lasted 00:09:19 (4268 turns).

wvc the Changer (Demonspawn Transmuter)             Turns: 4268, Time: 00:09:20

Health: -4/43      AC:  2    Str: 12    XL:     6   Next: 67%
Magic:  6/11       EV: 14    Int: 17    God:    Cheibriados [......]
Gold:   183        SH:  0    Dex: 18    Spells: 4 memorised, 2 levels left

rFire  . . .     SeeInvis .       - Unarmed
rCold  . . .     Clarity  .     (armour currently unavailable)
rNeg   . . .     SustAt   .     (shield currently unavailable)
rPois  x         Gourm    .     (helmet currently unavailable)
rElec  .         Spirit   .     (cloak currently unavailable)
rCorr  .         Warding  .     (gloves currently unavailable)
rMut   .         Stasis   .     (boots currently unavailable)
MR     .....                    (no amulet)
Stlth  ++........               (no ring)
                                (no ring)

@: spider-form (expiring), very slightly contaminated, very slow, not resistant
to hostile enchantments, unstealthy
A: (horns 0), rough black scales 1, rot immunity
a: End Transformation, Bend Time, Renounce Religion


You were on level 4 of the Dungeon.
You worshipped Cheibriados.
Cheibriados was noncommittal.
You were not hungry.
You were a venomous arachnid creature.
You visited 2 branches of the dungeon, and saw 5 of its levels.

You collected 183 gold pieces.

Inventory:

Missiles
 a - 23 arrows
 f - 7 arrows of frost
Armour
 b - a +1 robe (melded)
Jewellery
 j - an uncursed amulet of stasis
 l - an uncursed ring of teleportation
Magical devices
 e - a wand of lightning (9)
 m - a wand of flame (31)
 s - a wand of draining (6)
Scrolls
 g - a scroll of fog
 i - a scroll of enchant armour
 n - a scroll of enchant weapon
 t - a scroll of remove curse
Potions
 h - a potion of lignification
 k - a potion of might {unknown}
 p - 2 potions of heal wounds {unknown}
 r - a potion of berserk rage {unknown}
Books
 c - a book of Changes

   Spells                             Type                      Level
   a - Beastly Appendage              Transmutation                1
   b - Sticks to Snakes               Transmutation                2
   c - Spider Form                    Transmutation/Poison         3
   d - Ice Form                       Ice/Transmutation            4
   e - Blade Hands                    Transmutation                5
Comestibles
 d - 2 bread rations


   Skills:
 - Level 1.0 Fighting
 - Level 1.7 Dodging
 - Level 2.6 Unarmed Combat
 + Level 3.8 Spellcasting
 * Level 5.6 Transmutations
 + Level 0.2 Poison Magic


You had 2 spell levels left.
You knew the following spells:

 Your Spells              Type           Power        Failure   Level  Hunger
a - Beastly Appendage     Trmt           ###...       6%          1    None
b - Sticks to Snakes      Trmt           ###.......   10%         2    ##.....
c - Spider Form           Trmt/Pois      ##........   36%         3    ###....
d - Ice Form              Ice/Trmt       ##......     78%         4    ####...


Dungeon Overview and Level Annotations

Branches:
Dungeon (4/15)             Temple (1/1) D:4

Altars:
Ashenzari
Cheibriados
Dithmenos
Elyvilon
Fedhas
Kikubaaqudgha
Makhleb
Ru
Sif Muna
Trog
Vehumet
Yredelemnul
The Shining One

Annotations:
D:4 Warmonger's ghost, average TrBe


Innate Abilities, Weirdness & Mutations

((You have a pair of small horns on your head.))
(You are partially covered in rough black scales (AC +4, Dex -1).)
You are immune to rotting.


Message History

Okay, then.
Casting: Spider Form
Confirm with . or Enter, or press ? or * to list all spells.
You turn into a venomous arachnid creature.
Your +1 robe melds into your body.
The gnoll barely misses you. The gnoll misses you. The gnoll misses you. x2
Warmonger's ghost dodges and says, "Too slow!"
The gnoll closely misses you.
There is an open door here.
The gnoll barely misses you. x2
Your transformation is almost over.
The gnoll closely misses you. The gnoll completely misses you.
Found a spear.
You see here a spear.
The gnoll hits you but does no damage.
There is a stone staircase leading up here.
The gnoll hits you from afar with a halberd!
You die...

......####. .#
##........#. #.
..........#. ..
.......#.#. .###
#.......... ....
#......#.#.##..###.
#........g.........
#)# #..##s...##. #.#
#..Wg........ #W#
#..##....##....
#.####..###..## ...
###'#.##..###..###...
##................ ...
#..........#....####.#
#..........#.#.##.##.#
#.......#..#......##.#


You could see Warmonger's ghost and 2 gnolls.

Vanquished Creatures
  Sigmund (D:2)
  A crimson imp (D:3)
  2 orc priests (D:3)
  A gnoll shaman (D:4)
  6 adders
  A gnoll (D:4)
  3 worms
  4 giant geckos
  7 orcs
  A ball python (D:3)
  6 giant cockroaches
  7 goblins
  12 hobgoblins
  8 bats
  4 giant newts
  5 kobolds
  8 rats
77 creatures vanquished.

Vanquished Creatures (collateral kills)
  3 adders
  A bat (D:3)
  A hobgoblin (D:1)
  A giant newt (D:1)
6 creatures vanquished.

Grand Total: 83 creatures vanquished

Notes
Turn   | Place    | Note
--------------------------------------------------------------
     0 | D:1      | wvc the Demonspawn Transmuter began the quest for the Orb.
     0 | D:1      | Reached XP level 1. HP: 15/15 MP: 3/3
   308 | D:1      | Gained mutation: You have a pair of small horns on your head. [demonic ancestry]
   308 | D:1      | Reached XP level 2. HP: 9/21 MP: 3/5
   312 | D:1      | Learned a level 2 spell: Sticks to Snakes
   871 | D:1      | Gained mutation: You are partially covered in rough black scales (AC +4, Dex -1). [demonic ancestry]
   871 | D:1      | Reached XP level 3. HP: 19/26 MP: 2/6
   888 | D:1      | Learned a level 3 spell: Spider Form
  1123 | D:1      | Reached skill level 3 in Transmutations
  1748 | D:2      | Reached XP level 4. HP: 18/32 MP: 3/7
  2265 | D:2      | Noticed Sigmund
  2283 | D:2      | Killed Sigmund
  2283 | D:2      | Reached skill level 4 in Transmutations
  2283 | D:2      | Reached XP level 5. HP: 31/37 MP: 5/9
  2426 | D:2      | Learned a level 4 spell: Ice Form
  2467 | D:3      | Reached skill level 5 in Transmutations
  2528 | D:3      | Gained mutation: You are immune to rotting. [demonic ancestry]
  2528 | D:3      | Reached XP level 6. HP: 40/43 MP: 6/10
  3180 | D:3      | Found a burning altar of Makhleb.
  3280 | D:3      | Found a shadowy altar of Dithmenos.
  3762 | D:4      | Found an ancient bone altar of Kikubaaqudgha.
  3801 | D:4      | Found a staircase to the Ecumenical Temple.
  3814 | Temple   | Entered the Ecumenical Temple
  3994 | Temple   | Became a worshipper of Cheibriados the Contemplative
  4250 | D:4      | Noticed Warmonger's ghost (average TrBe)
  4268 | D:4      | Slain by a gnoll

Vault maps used:
D:1:      dpeg_arrival_rooms_with_view, grunt_decor_mini_mirrors,
          minmay_misc_feat_secret_circle, serial_bayou_pond_e
D:2:      uniq_sigmund
D:3:      makhleb_grotto_becter, first_bread,
          nicolae_dithmenos_through_a_glass_darkly
D:4:      minmay_overflow_temple_star_quad, minmay_temple_entry_overgrown,
          hangedman_decor_push, tgw_kikubaaqudgha
Temple:   triangle_lava_temple_11

Action                   |  1- 3 |  4- 6 || total
-------------------------+-------+-------++-------
Melee: Unarmed           |   177 |   196 ||   373
 Cast: Beastly Appendage |    20 |    20 ||    40
       Sticks to Snakes  |     4 |    13 ||    17
       Spider Form       |     2 |     9 ||    11
  Use: Scroll            |     4 |     4 ||     8
 Stab: Distracted        |     1 |       ||     1
       Sleeping          |       |     1 ||     1
  Eat: Beef jerky        |     1 |     1 ||     2
       Royal jelly       |     1 |       ||     1
       Chunk             |       |     7 ||     7
       Meat ration       |       |     1 ||     1
